 Dungeon Crawl Stone Soup version 0.30.0-10-gfe55d96785 (webtiles) character file.

Game seed: 15629299922738125377

180153 Lobster4 the Earth Mage (level 18, -6/138 HPs)
             Began as a Human Wanderer on May 15, 2023.
             Was a High Priest of Sif Muna.
             Succumbed to a deep elf annihilator's poison arrow
             ... on level 2 of the Elven Halls.
             The game lasted 02:18:41 (41202 turns).

Lobster4 the Earth Mage (Human Wanderer)           Turns: 41202, Time: 02:18:42

Health: -6/138     AC: 17    Str: 13    XL:     18   Next: 94%
Magic:  4/41       EV: 17    Int: 19    God:    Sif Muna [*****.]
Gold:   1310       SH:  0    Dex: 17    Spells: 18/38 levels left

rFire   + . .        b - +8 longbow "Zephyr" {speed, Dex+3 SInv}
rCold   . . .        (shield currently unavailable)
rNeg    + . .        k - +2 leather armour {Will+}
rPois   .            d - +1 helmet {Int+3}
rElec   .            T - +2 cloak
rCorr   .            e - +0 pair of gloves of the Trout {Fly rF+}
SInv    +            J - +2 pair of boots {Fly}
Will    ++++.        y - necklace of Bloodlust {Fury *Rage Will++ Int-3 Slay+6}
Stlth   ++           w - ring of magical power
HPRegen 0.43/turn    z - ring of positive energy
MPRegen 0.27/turn

%: random rage (50%)
@: lethally poisoned (-6 -> -45), flying, studying Staves
A: no striking features
a: Renounce Religion, Channel Magic, Forget Spell, Divine Exegesis


You were on level 2 of the Elven Halls.
You worshipped Sif Muna.
Sif Muna was extremely pleased with you.
You visited 4 branches of the dungeon, and saw 25 of its levels.
You visited the Abyss 2 times.
You also visited: Bailey.

You collected 2779 gold pieces.
You spent 1469 gold pieces at shops.

Inventory:

Hand Weapons
 b - the +8 longbow "Zephyr" (weapon) {speed, Dex+3 SInv}
   (You bought it in a shop on level 9 of the Dungeon)

   Dex:       It affects your dexterity (+3).
   SInv:      It lets you see invisible.
 C - the +7 arbalest of Tiokaury {freeze, rC+ rN+++ Int+5 Dex-2}
   (You found it on level 13 of the Dungeon)

   Int:       It affects your intelligence (+5).
   Dex:       It affects your dexterity (-2).
   rC:        It protects you from cold.
   rN:        It renders you almost immune to negative energy.
 V - the +3 whip of True Grit {speed, rN+ Str+3 Int+5 Stlth-}
   (You found it on level 9 of the Dungeon)

   Str:       It affects your strength (+3).
   Int:       It affects your intelligence (+5).
   rN:        It protects you from negative energy.
   Stlth:     It makes you less stealthy.
Missiles
 q - 21 poisoned darts
 B - 10 curare-tipped darts
Armour
 d - a +1 helmet of intelligence (worn)
 e - the +0 pair of gloves of the Trout (worn) {Fly rF+}
   (You acquired it on level 6 of the Dungeon)

   rF:        It protects you from fire.
   Fly:       It grants you flight.
 k - a +2 leather armour of willpower (worn)
 J - a +2 pair of boots of flying (worn)
 S - +3 steam dragon scales
 T - a +2 cloak (worn)
Magical Staves
 a - a staff of earth
 U - a staff of cold
 X - a staff of air
Jewellery
 m - a ring of ice
 w - a ring of magical power (left hand)
 y - the necklace of Bloodlust (around neck) {Fury *Rage Will++ Int-3 Slay+6}
   (You found it on level 13 of the Dungeon)

   [amulet of nothing]

   Fury:      It extends the wearer's berserk rage when killing foes.
   Int:       It affects your intelligence (-3).
   Slay:      It affects your accuracy & damage with ranged weapons and melee
   (+6).
   *Rage:     It berserks you when you make melee attacks (+50% chance).
   Will:      It greatly increases your willpower.
 z - a ring of positive energy (right hand)
 N - a ring of fire
 P - an amulet of regeneration
Wands
 t - a wand of iceblast (17)
 A - a wand of mindburst (7)
 E - a wand of charming (33)
 F - a wand of digging (5)
 K - a wand of acid (1)
Scrolls
 i - 3 scrolls of enchant weapon
 j - 9 scrolls of identify
 o - 10 scrolls of teleportation
 p - a scroll of blinking
 u - 7 scrolls of immolation
 O - a scroll of poison
 Q - 3 scrolls of fear
 Z - 5 scrolls of fog
Potions
 c - 2 potions of ambrosia
 f - 8 potions of mutation
 g - 3 potions of lignification
 h - 10 potions of curing
 l - 4 potions of invisibility
 n - 4 potions of resistance
 s - 6 potions of brilliance
 x - 5 potions of haste
 D - 7 potions of flight
 G - 2 potions of heal wounds
 H - 2 potions of berserk rage
 L - 4 potions of cancellation
 Y - 3 potions of might
Miscellaneous
 r - a box of beasts
 v - a lightning rod (4/4)
 I - a condenser vane (inert)


   Skills:
 + Level 11.5 Fighting
 - Level 2.0(3.6) Polearms
 - Level 4.7(5.0) Staves
 * Level 10.9 Ranged Weapons
 - Level 3.0 Throwing
 - Level 10.0 Armour
 - Level 10.0 Dodging
 - Level 2.0 Stealth
 + Level 10.8 Spellcasting
 + Level 11.1 Conjurations
 - Level 3.0 Hexes
 + Level 4.4 Summonings
 - Level 5.0 Necromancy
 + Level 4.7 Translocations
 * Level 15.0 Earth Magic
 - Level 10.0 Invocations
 - Level 3.0 Evocations


You had 18 spell levels left.
You knew the following spells:

 Your Spells              Type           Power      Damage    Failure   Level
a - Sandblast             Erth           100%       2d20      0%          1
b - Stone Arrow           Conj/Erth      100%       3d13      1%          3
c - Lee's Rapid Deconstr  Erth           30%        3d16*     1%          5
d - Borgnjor's Vile Clut  Necr/Erth      24%        N/A       3%          5
e - Iskenderun's Mystic   Conj/Tloc      40%        2d9       3%          4
p - Passwall              Tmut/Erth      31%        N/A       1%          2

Your spell library contained the following spells:

 Spells                   Type           Power      Damage    Failure   Level
 Foxfire                  Conj/Fire      100%       2x1d9     1%          1
 Magic Dart               Conj           100%       1d8       1%          1
 Shock                    Conj/Air       100%       1d9       1%          1
 Summon Small Mammal      Summ           100%       N/A       1%          1
 Blink                    Tloc           56%        N/A       1%          2
 Call Imp                 Summ           54%        N/A       1%          2
 Lesser Beckoning         Tloc           56%        N/A       1%          2
 Momentum Strike          Conj/Tloc      80%        3d10      1%          2
 Searing Ray              Conj           100%       2d8       1%          2
 Static Discharge         Conj/Air       62%        2-5/arc   1%          2
 Dazzling Flash           Conj/Hex       74%        N/A       1%          3
 Animate Armour           Summ/Erth      94%        N/A       1%          4
 Leda's Liquefaction      Hex/Erth       22%        N/A       1%          4
 Slow                     Hex            84%        N/A       2%          1
 Hailstorm                Conj/Ice       31%        3d8       2%          3
 Iskenderun's Battlesphe  Conj           51%        2d10      2%          5
 Call Canine Familiar     Summ           27%        N/A       3%          3
 Teleport Other           Tloc           28%        N/A       3%          3
 Portal Projectile        Hex/Tloc       50%        N/A       4%          3
 Fulminant Prism          Conj/Hex       18%        3d10      4%          4
 Mephitic Cloud           Conj/Pois/Air  24%        N/A       5%          3
 Summon Guardian Golem    Hex/Summ       24%        N/A       5%          3
 Iron Shot                Conj/Erth      28%        9d6       6%          6
 Ensorcelled Hibernation  Hex/Ice        30%        N/A       7%          2
 Beastly Appendage        Tmut           20%        N/A       9%          1
 Freeze                   Ice            40%        1d6       9%          1
 Vhi's Electric Charge    Tloc/Air       38%        N/A       9%          3
 Volatile Blastmotes      Fire/Tloc      38%        2d13      9%          3
 Scorch                   Fire           20%        2d5       12%         2
 Wereblood                Tmut           10%        N/A       12%         2
 Inner Flame              Hex/Fire       15%        N/A       13%         3
 Anguish                  Hex/Necr       12%        N/A       16%         4
 Fireball                 Conj/Fire      15%        3d8       22%         5
 Frozen Ramparts          Ice            20%        1d4       24%         3
 Ozocubu's Armour         Ice            10%        N/A       24%         3
 Spider Form              Tmut/Pois      10%        N/A       24%         3
 Swiftness                Air            10%        N/A       24%         3
 Cause Fear               Hex            10%        N/A       24%         4
 Summon Ice Beast         Ice/Summ       18%        N/A       32%         4
 Summon Lightning Spire   Summ/Air       18%        N/A       32%         4
 Summon Mana Viper        Hex/Summ       24%        N/A       43%         5
 Statue Form              Tmut/Erth      25%        N/A       50%         6
 Orb of Destruction       Conj           25%        9d9       56%         7
 Airstrike                Air            5%         2d(1-17)  63%         4
 Ice Form                 Ice/Tmut       10%        N/A       63%         4
 Metabolic Englaciation   Hex/Ice        7%         N/A       77%         5
 Starburst                Conj/Fire      15%        6d6       77%         6
 Death Channel            Necr           14%        N/A       85%         6
 Summon Cactus Giant      Summ           13%        N/A       89%         6
 Lehudib's Crystal Spear  Conj/Erth      28%        10d7      94%         8
 Spellforged Servitor     Conj/Summ      20%        N/A       95%         7
 Simulacrum               Ice/Necr       9%         N/A       99%         6
 Eringya's Noxious Bog    Tmut/Pois      5%         N/A       100%        6
 Plasma Beam              Fire/Air       5%         2x1d17    100%        6
 Dragon Form              Tmut           5%         N/A       100%        7
 Haunt                    Necr/Summ      14%        N/A       100%        7
 Malign Gateway           Summ/Tloc      13%        N/A       100%        7
 Monstrous Menagerie      Summ           13%        N/A       100%        7
 Ozocubu's Refrigeration  Ice            5%         4d8       100%        7
 Storm Form               Tmut/Air       5%         N/A       100%        7
 Summon Hydra             Summ           13%        N/A       100%        7
 Infestation              Necr           14%        N/A       100%        8
 Maxwell's Capacitive Co  Air            5%         ∞         100%        8
 Summon Horrible Things   Summ           13%        N/A       100%        8
 Dragon's Call            Summ           13%        N/A       100%        9
 Fire Storm               Conj/Fire      15%        8d4       100%        9
 Polar Vortex             Ice            5%         N/A       100%        9


Dungeon Overview and Level Annotations

Branches:
Dungeon (15/15)            Temple (0/1) D:6            Lair (5/5) D:10
  Swamp (0/4) Lair:2        Snake (0/4) Lair:2        Slime (0/5) Lair:5
    Orc (2/2) D:9             Elf (3/3) Orc:2        Vaults (0/5) D:14
 Depths (0/4) D:15         Bailey (visited)

Altars:
Ashenzari
Cheibriados
Dithmenos
Fedhas
Gozag
Kikubaaqudgha
Makhleb
Okawaru
Sif Muna
Vehumet
Xom
Zin
The Shining One

Shops:
D:4 (   D:7 :   D:8 !   D:9 *=*:   D:10 *   Orc:2 *(=[:

Portals:
Trove: D:10 (give 7 scrolls of blinking)

Annotations:
D:3 1 exclusion
D:4 exclusion: steam dragon
D:8 1 runed translucent door, qeuew's ghost, novice MiFi
D:12 3 runed translucent doors, Neel Ube's ghost, journeyman FoFi
Orc:2 3 runed translucent doors, kmckee's ghost, journeyman HOFi
Elf:2 2 runed translucent doors, WiseOSalty's ghost, adept DsFi
Elf:3 3 runed translucent doors, Dataggej's ghost, adept MiBe


Message History

There is a stone staircase leading up here.
You shoot an arrow.
The arrow hits the deep elf annihilator.
The deep elf annihilator is heavily wounded.
You feel very sick.
You shoot an arrow.
The arrow hits the deep elf annihilator!
The deep elf annihilator is severely wounded.
You feel very sick.
The deep elf annihilator casts a spell at you.
The bolt of lightning misses you.
You hear a shout!
You shoot an arrow.
The arrow closely misses the deep elf annihilator.
The arrow closely misses the deep elf zephyrmancer.
You feel very sick.
The deep elf annihilator gestures at you while chanting.
The iron shot misses you.
You shoot an arrow.
The arrow closely misses the deep elf annihilator.
The arrow hits the deep elf zephyrmancer!
The deep elf zephyrmancer is moderately wounded.
You feel very sick.
The deep elf annihilator casts a spell at you.
The poison arrow hits you!!!
You are more poisoned.
* * * LOW HITPOINT WARNING * * *
The deep elf zephyrmancer casts a spell.
The deep elf zephyrmancer blinks!
* * * LOW HITPOINT WARNING * * *
You feel extremely sick.
The deep elf annihilator casts a spell.
The deep elf annihilator blinks!
The deep elf zephyrmancer casts a spell at you.
The bolt of lightning hits you!!
* * * LOW HITPOINT WARNING * * *
The bolt of lightning misses you.
You fly upwards.
Level annotation: 2 runed translucent doors, WiseOSalty's ghost, adept DsFi You die...

.#.#####.###..#.#.[#...###...[###
............................)....
##.######..##...##......###..####
###........#....###.._...###.#
#..........#....##.......#.##
#.........#.....#.........######
#.........##.....####..#.#.##...
#.........##...[###......##.....
##.......###...@##........##....
####.#### #....#..........#..^.
##.#######...###........##....
##.##...##.#..# ##......#.#....
###)###...#.##### #########)....
##.####....### ##....
.)##.........# ##...
.###.........# #.... .#
#...).....# ##...


There were no monsters in sight!

Vanquished Creatures
  Rupert (D:13)
  2 deep elf blademasters
  Agnes (D:14)
  Donald (Orc:2)
  6 deep elf sorcerers
  Louise (D:14)
  A cacodemon (Abyss:2)
  A reaper (Abyss:2)
  An orc warlord (Orc:2)
  A very ugly thing (D:15)
  A deep elf demonologist (Elf:2)
  2 deep elf annihilators (Elf:3)
  An eidolon (Abyss:2)
  A deep elf death mage (Elf:3)
  Josephine (D:14)
  14 hydras
  4 deep elf high priests
  4 vault guards (D:14)
  An ogre mage (D:15)
  2 death knights (D:14)
  Erolcha (D:12)
  2 centaur warriors
  A rakshasa (D:15)
  2 catoblepae
  A boulder beetle (D:14)
  A deep troll shaman (D:13)
  3 tengu warriors (D:14)
  6 two-headed ogres
  21 dancing weapons
  3 orc high priests
  3 thrashing horrors (Abyss:2)
  A death yak (Lair:1)
  Urug (D:13)
  Sonja (Orc:2)
  25 deep elf knights
  2 wretched stars (Abyss:2)
  2 skysharks
  2 large abominations (Abyss:2)
  11 skeletal warriors
  A sixfirhy (Abyss:2)
  A fire crab (shapeshifter) (D:15)
  3 deep trolls (D:13)
  A glowing orange brain (D:15)
  4 orc knights
  2 wizards (D:14)
  14 deep elf archers
  A phantasmal warrior (Lair:1)
  22 deep elf zephyrmancers
  28 deep elf pyromancers
  An orc sorcerer (Orc:2)
  2 wolf spiders (Lair:5)
  A manticore (shapeshifter) (D:15)
  A worldbinder (Abyss:2)
  3 ugly things (D:15)
  13 black mambas
  A salamander (shapeshifter) (D:15)
  A dire elephant zombie (Abyss:2)
  8 cyclopes
  A smoke demon (Abyss:2)
  A guardian serpent (Lair:5)
  15 elephants
  2 torpor snails
  Maurice (D:13)
  13 cane toads
  An unseen horror (Abyss:2)
  Maggie (D:8)
  An efreet (D:13)
  8 komodo dragons
  4 tengu conjurers
  4 rime drakes
  7 trolls
  3 hornets
  2 polar bears (Lair:5)
  A hellwing (Abyss:2)
  A tyrant leech (Lair:2)
  14 blink frogs
  17 slime creatures
  A raiju (Abyss:2)
  A centaur simulacrum (D:15)
  A vampire (D:13)
  A ynoxinul (Abyss:2)
  An air elemental (Elf:1)
  51 yaks
  3 shadows
  7 wraiths
  A culicivora (shapeshifter) (D:14)
  A human (Lair:1)
  15 wyverns
  2 basilisks
  3 fire elementals
  3 redbacks (Lair:5)
  13 vampire mosquitoes
  2 steam dragons
  3 swamp worms (Lair:2)
  2 wargs (Orc:2)
  2 nagas (Lair:2)
  21 water moccasins
  A sky beast (shapeshifter) (Elf:3)
  3 ice beasts
  31 orc warriors
  A sky beast (D:7)
  8 ogres
  11 wolves
  15 centaurs
  A phantom (D:9)
  2 kobold brigands
  15 bullfrogs
  4 earth elementals
  3 scorpions
  4 gnoll sergeants
  2 troll zombies (D:9)
  5 small abominations (Abyss:2)
  7 wights
  3 howler monkeys (D:7)
  2 quasits (Abyss:2)
  20 orc priests
  3 hounds
  2 sleepcaps
  2 iguanas
  26 orc wizards
  5 ogre zombies (D:9)
  Robin (D:4)
  12 gnolls
  13 adders
  2 shadow imps
  4 white imps
  A worm (D:2)
  4 dart slugs (D:1)
  50 orcs
  8 endoplasms
  2 giant cockroaches
  15 hobgoblins
  6 jackals
  29 kobolds
  5 quokkas
  7 ball pythons
  2 bats
  2 frilled lizards (D:1)
  20 goblins
  4 goblin skeletons (D:9)
  A goblin zombie (D:9)
  3 hobgoblin zombies (D:9)
  16 orc zombies (D:9)
  6 rats
864 creatures vanquished.

Vanquished Creatures (collateral kills)
  3 dancing weapons (Elf:2)
  A deep elf knight (Elf:2)
  2 deep elf pyromancers (Elf:2)
  2 orc sorcerers (Orc:2)
  4 orc warriors (Orc:2)
  An ogre (Orc:2)
  An orc priest (Orc:2)
  2 orc wizards (Orc:2)
  8 orcs (Orc:2)
24 creatures vanquished.

Vanquished Creatures (others)
  A deep elf pyromancer (Elf:1)
  An orc zombie (D:9)
2 creatures vanquished.

Grand Total: 890 creatures vanquished

Notes
Turn   | Place    | Note
-------+----------+-------------------------------------------
     0 | D:1      | Lobster4 the Human Wanderer began the quest for the Orb.
     0 | D:1      | Lobster4 set off with the following items: a +0 club, a
                  | potion of heal wounds, a +0 robe, a +0 helmet; and the
                  | following spells available to memorise: Slow, Sandblast,
                  | Ensorcelled Hibernation, Dazzling Flash, Stone Arrow.
     0 | D:1      | Reached XP level 1. HP: 13/13 MP: 3/3
     2 | D:1      | Learned a level 1 spell: Sandblast
   108 | D:1      | Reached XP level 2. HP: 13/20 MP: 0/5
   322 | D:1      | Reached XP level 3. HP: 25/25 MP: 6/6
   437 | D:1      | Reached skill level 1 in Fighting
   482 | D:1      | Reached skill level 1 in Armour
  1118 | D:2      | Found a faded altar of an unknown god.
  1135 | D:2      | Reached XP level 4. HP: 32/32 MP: 7/7
  2120 | D:3      | Found an iron altar of Okawaru.
  2314 | D:4      | Noticed a steam dragon
  2392 | D:4      | Reached XP level 5. HP: 37/37 MP: 9/9
  2490 | D:4      | Found a shimmering blue altar of Sif Muna.
  2506 | D:4      | Became a worshipper of Sif Muna the Loreminder
  2657 | D:4      | Found Ypnyits's Weapon Shoppe.
  2752 | D:4      | Learned a level 3 spell: Stone Arrow
  2811 | D:4      | Reached skill level 3 in Earth Magic
  2811 | D:4      | Reached XP level 6. HP: 44/44 MP: 10/10
  2855 | D:4      | Noticed Robin
  2913 | D:4      | Killed Robin
  3225 | D:4      | Reached skill level 1 in Throwing
  3225 | D:4      | Reached skill level 1 in Invocations
  3225 | D:4      | Reached skill level 1 in Evocations
  3289 | D:5      | Entered Level 5 of the Dungeon
  3301 | D:5      | Noticed an ogre
  3307 | D:5      | Killed an ogre
  3308 | D:5      | Reached skill level 1 in Conjurations
  3308 | D:5      | Reached XP level 7. HP: 51/51 MP: 11/11
  3497 | D:5      | Reached * piety under Sif Muna
  4080 | D:5      | Reached XP level 8. HP: 50/58 MP: 13/13
  4708 | D:6      | Identified a scroll of acquirement
  4708 | D:6      | Acquired the +0 pair of gloves of the Trout {Fly rF+}
  4996 | D:6      | Found a staircase to the Ecumenical Temple.
  5039 | D:6      | Found a broken altar of Ashenzari.
  5587 | D:6      | Reached skill level 4 in Earth Magic
  5764 | D:7      | Found a shadowy altar of Dithmenos.
  5838 | D:7      | Reached XP level 9. HP: 63/64 MP: 14/14
  5882 | D:7      | Found a flagged portal.
  5932 | D:7      | Reached ** piety under Sif Muna
  6061 | Bailey   | Entered a bailey
  6642 | D:7      | Found Zykhetz's Book Boutique.
  7100 | D:7      | Reached skill level 1 in Polearms
  7174 | D:8      | Noticed Maggie
  7244 | D:8      | Reached *** piety under Sif Muna
  7377 | D:7      | Reached skill level 5 in Earth Magic
  7500 | D:8      | Reached XP level 10. HP: 73/73 MP: 17/17
  7618 | D:8      | Reached skill level 5 in Dodging
  7618 | D:8      | Reached skill level 5 in Spellcasting
  7731 | D:8      | Found an opulent altar of Gozag.
  7733 | D:8      | Found a glowing silver altar of Zin.
  7795 | D:8      | Killed Maggie
  7796 | D:8      | Reached skill level 5 in Fighting
  7796 | D:8      | Reached skill level 5 in Armour
  7946 | D:8      | Learned a level 2 spell: Passwall
  7968 | D:8      | Found Qojid's Distillery.
  7972 | D:8      | Bought a potion of curing for 36 gold pieces
  7972 | D:8      | Bought a potion of attraction for 36 gold pieces
  7975 | D:8      | Bought a potion of mutation for 96 gold pieces
  7975 | D:8      | Bought a potion of resistance for 120 gold pieces
  8058 | D:8      | Noticed qeuew's ghost (novice MiFi)
  8061 | D:8      | Found a runed translucent door.
  8133 | D:9      | Noticed a torpor snail
  8137 | D:9      | Noticed a torpor snail
  8145 | D:9      | Found a snail-covered altar of Cheibriados.
  8145 | D:9      | Noticed a torpor snail
  8154 | D:9      | Found Eza Oqio's Book Shoppe.
  8575 | D:9      | Found Vameorghul's Jewellery Boutique.
  8582 | D:9      | Identified the +3 whip of True Grit {speed, rN+ Str+3 Int+5
                  | Stlth-}
  8654 | D:9      | Reached skill level 1 in Necromancy
  8847 | D:8      | Reached skill level 1 in Staves
  9040 | D:9      | Found Baodosos's General Store.
  9057 | D:9      | Reached skill level 5 in Invocations
  9274 | D:9      | Reached XP level 11. HP: 80/80 MP: 18/19
  9574 | D:9      | Reached **** piety under Sif Muna
  9678 | D:9      | Found Foerinlok's Assorted Antiques.
  9684 | D:9      | Found a glowing golden altar of the Shining One.
  9689 | D:9      | Reached skill level 5 in Conjurations
  9689 | D:9      | Reached skill level 6 in Earth Magic
  9782 | D:9      | Found a staircase to the Orcish Mines.
 10560 | D:10     | Entered Level 10 of the Dungeon
 10696 | D:9      | Reached skill level 1 in Ranged Weapons
 10900 | D:10     | Found a portal to a secret trove of treasure.
 10932 | D:10     | Found a shimmering altar of Xom.
 10936 | D:10     | Found a shimmering altar of Xom.
 10936 | D:10     | Found a shimmering altar of Xom.
 10936 | D:10     | Found a shimmering altar of Xom.
 10936 | D:10     | Found a shimmering altar of Xom.
 10936 | D:10     | Found a shimmering altar of Xom.
 10949 | D:10     | Found a shimmering altar of Xom.
 11076 | D:10     | Found a staircase to the Lair.
 11133 | D:10     | You are sucked into a shaft and drop 2 floors!
 11376 | D:10     | Reached ***** piety under Sif Muna
 11486 | D:10     | Found a blossoming altar of Fedhas.
 11802 | D:10     | Found Nusyizurr's General Store.
 11965 | D:11     | Noticed a deep elf pyromancer
 11969 | D:11     | Killed a deep elf pyromancer
 12364 | D:11     | Noticed a cyclops
 12370 | D:11     | Killed a cyclops
 12703 | D:11     | Noticed a skeletal warrior
 12704 | D:11     | Reached XP level 12. HP: 80/88 MP: 21/21
 12778 | D:11     | Noticed a skeletal warrior
 12865 | Orc:1    | Entered Level 1 of the Orcish Mines
 12969 | Orc:1    | Received a gift from Sif Muna
 12973 | Orc:1    | Reached skill level 7 in Earth Magic
 12975 | Orc:1    | Got Sif Muna's Anthology of the Transposed Tropics {god
                  | gift}
 13150 | Orc:2    | Entered Level 2 of the Orcish Mines
 13515 | Orc:2    | Noticed an orc warlord
 13520 | Orc:2    | Paralysed by an orc sorcerer for 3 turns
 13532 | Orc:2    | Killed an orc warlord
 13541 | Orc:2    | Noticed an orc high priest
 13546 | Orc:2    | Noticed a sixfirhy
 13707 | Lair:1   | Entered Level 1 of the Lair of Beasts
 14166 | Lair:1   | Noticed a skyshark
 14585 | Lair:1   | Found a runed translucent door.
 14711 | Lair:1   | Killed a skyshark
 14712 | Lair:1   | Reached skill level 8 in Earth Magic
 14976 | Lair:2   | Noticed a seven-headed hydra
 14992 | Lair:2   | Noticed a catoblepas
 15001 | Lair:2   | Killed a catoblepas
 15008 | Lair:2   | Noticed a six-headed hydra
 15298 | Lair:2   | Killed a six-headed hydra
 15299 | Lair:2   | Reached XP level 13. HP: 85/96 MP: 17/23
 15929 | Lair:2   | Noticed a five-headed hydra
 15935 | Lair:2   | Killed a five-headed hydra
 15957 | Lair:2   | Noticed a five-headed hydra
 16029 | Lair:2   | Killed a five-headed hydra
 16029 | Lair:2   | Noticed a seven-headed hydra
 16036 | Lair:2   | Killed a seven-headed hydra
 16167 | Lair:2   | Noticed an eight-headed hydra
 16177 | Lair:1   | Reached skill level 9 in Earth Magic
 16970 | Lair:2   | Killed an eight-headed hydra
 17223 | Lair:2   | Learned a level 5 spell: Lee's Rapid Deconstruction
 17317 | Lair:2   | Found a staircase to the Snake Pit.
 17345 | Lair:2   | Killed a seven-headed hydra
 17732 | Lair:2   | Reached skill level 5 in Ranged Weapons
 18100 | Lair:2   | Found a staircase to the Swamp.
 18721 | Lair:3   | Reached XP level 14. HP: 105/105 MP: 25/25
 19016 | Lair:3   | Reached skill level 10 in Earth Magic
 20216 | Lair:4   | Received a gift from Sif Muna
 20371 | Lair:4   | Got Ydghu's Lessons on the Caves {god gift}
 20971 | Lair:4   | Found a burning altar of Makhleb.
 21556 | Lair:5   | Entered Level 5 of the Lair of Beasts
 23001 | Lair:5   | Reached skill level 11 in Earth Magic
 23265 | Lair:5   | Reached XP level 15. HP: 112/112 MP: 27/27
 23457 | Lair:5   | Received a gift from Sif Muna
 23460 | Lair:5   | Got Sif Muna's Reference Book on Iron Hurting {god gift}
 23910 | Lair:5   | Found a staircase to the Slime Pits.
 24373 | D:9      | Bought the +8 longbow "Zephyr" {speed, Dex+3 SInv} for 1001
                  | gold pieces
 24373 | D:9      | Found the +8 longbow "Zephyr" {speed, Dex+3 SInv}
 24540 | Orc:1    | Noticed Sonja
 24714 | Orc:2    | Found Kaguisar's Jewellery Boutique.
 24733 | Orc:2    | Found Raihybiu's Antique Armour Boutique.
 24741 | Orc:2    | Bought a shiny helmet for 180 gold pieces
 24771 | Orc:2    | Found Xankod's General Store.
 24793 | Orc:2    | Found a runed translucent gate.
 24794 | Orc:2    | Found a runed translucent gate.
 24794 | Orc:2    | Noticed kmckee's ghost (journeyman HOFi)
 25212 | Orc:2    | Found a runed translucent gate.
 25224 | Orc:2    | Found a staircase to the Elven Halls.
 25230 | Orc:2    | Noticed Donald
 25243 | Orc:2    | Killed Donald
 25606 | Orc:2    | Found Lokluot's Antique Weapon Boutique.
 25670 | Orc:2    | Found Nodig's Book Emporium.
 26045 | Abyss:2  | Cast into level 2 of the Abyss (Sonja)
 26266 | Abyss:2  | Received a gift from Sif Muna
 26269 | Abyss:2  | Got Sif Muna's Compendium of Flesh and Guile {god gift}
 26270 | Abyss:2  | Noticed an Executioner
 26340 | Orc:2    | Escaped the Abyss
 26346 | Orc:2    | Killed Sonja
 27053 | D:12     | Found a runed translucent gate.
 27053 | D:12     | Found a runed translucent gate.
 27053 | D:12     | Found a runed translucent gate.
 27505 | D:12     | Identified the +0 chain mail of Gebuonirch {rF+ Dex+3}
 27758 | D:12     | Noticed Neel Ube's ghost (journeyman FoFi)
 27776 | D:12     | Noticed Erolcha
 28489 | D:12     | Killed Erolcha
 28637 | D:13     | Noticed Urug
 28740 | D:13     | Noticed Maurice
 28745 | D:13     | Killed Maurice
 29077 | D:13     | Identified the +7 arbalest of Tiokaury {freeze, rC+ rN+++
                  | Int+5 Dex-2}
 29166 | D:13     | Reached skill level 12 in Earth Magic
 29248 | D:13     | Learned a level 5 spell: Borgnjor's Vile Clutch
 29448 | D:13     | Reached XP level 16. HP: 120/120 MP: 28/28
 29474 | D:13     | Noticed Rupert
 29504 | D:13     | Killed Rupert
 29904 | D:13     | Found the necklace of Bloodlust {Fury *Rage Will++ Int-3
                  | Slay+6}
 30017 | D:14     | Noticed Agnes
 30163 | D:13     | Killed Urug
 30236 | D:14     | Killed Agnes
 30435 | D:14     | Noticed Louise
 30453 | D:14     | Killed Louise
 30724 | D:14     | Noticed Josephine
 30744 | D:14     | Killed Josephine
 30744 | D:14     | Received a gift from Sif Muna
 30749 | D:14     | Got Sif Muna's Handbook of Helpful Skeletons {god gift}
 31076 | D:14     | Reached skill level 5 in Necromancy
 31270 | D:14     | Reached skill level 1 in Summonings
 31631 | D:14     | Found a gate to the Vaults.
 31728 | D:15     | Entered Level 15 of the Dungeon
 31761 | D:15     | Reached skill level 10 in Dodging
 32131 | D:15     | Reached skill level 10 in Invocations
 32261 | D:15     | Reached skill level 10 in Fighting
 32404 | D:15     | Reached skill level 10 in Armour
 32732 | D:15     | Reached skill level 13 in Earth Magic
 32760 | D:15     | Reached XP level 17. HP: 116/128 MP: 30/30
 33126 | D:15     | Found a staircase to the Depths.
 33920 | Elf:1    | Entered Level 1 of the Elven Halls
 34405 | Orc:2    | Learned a level 4 spell: Iskenderun's Mystic Blast
 34411 | Elf:1    | Reached skill level 10 in Conjurations
 34462 | Elf:1    | Reached skill level 1 in Translocations
 34767 | Elf:1    | Received a gift from Sif Muna
 34768 | Elf:1    | Got Sif Muna's Vellum of the Discharge and Kindling {god
                  | gift}
 34845 | Elf:1    | Found a radiant altar of Vehumet.
 34940 | Elf:1    | Reached skill level 10 in Spellcasting
 35422 | Elf:1    | Got the Vademecum on Attendants
 36349 | Elf:2    | Reached skill level 14 in Earth Magic
 37239 | Elf:2    | Reached XP level 18. HP: 111/136 MP: 31/32
 37585 | Elf:2    | Received a gift from Sif Muna
 37586 | Elf:2    | Got Sif Muna's Excursus on the Massed Assassin {god gift}
 37707 | Elf:2    | Found an ancient bone altar of Kikubaaqudgha.
 37741 | Elf:2    | Found a huge runed translucent gate.
 37743 | Elf:2    | Found a huge runed translucent gate.
 37748 | Elf:2    | Found a huge runed translucent gate.
 37749 | Elf:2    | Found a huge runed translucent gate.
 37749 | Elf:2    | Found a huge runed translucent gate.
 37886 | Elf:2    | Found a large runed translucent door.
 37886 | Elf:2    | Found a large runed translucent door.
 37887 | Elf:2    | Noticed WiseOSalty's ghost (adept DsFi)
 37977 | Abyss:2  | Cast into level 2 of the Abyss (+5 long sword of
                  | distortion)
 38160 | Abyss:2  | Found a large runed translucent door.
 38160 | Abyss:2  | Found a large runed translucent door.
 38276 | Abyss:2  | Found a large runed translucent door.
 38276 | Abyss:2  | Found a large runed translucent door.
 38311 | Abyss:2  | Reached skill level 10 in Ranged Weapons
 38640 | Elf:2    | Escaped the Abyss
 39298 | Elf:2    | Noticed a deep elf blademaster
 39324 | Elf:2    | Killed a deep elf blademaster
 39709 | Elf:3    | Entered Level 3 of the Elven Halls
 40467 | Elf:3    | Found a runed translucent gate.
 40469 | Elf:3    | Found a runed translucent gate.
 40470 | Elf:3    | Found a runed translucent gate.
 40475 | Elf:3    | Noticed Dataggej's ghost (adept MiBe)
 41064 | Elf:3    | Noticed a deep elf blademaster
 41069 | Elf:3    | Killed a deep elf blademaster
 41070 | Elf:3    | Reached skill level 15 in Earth Magic
 41201 | Elf:3    | HP: 6/138 [deep elf zephyrmancer/bolt of lightning (18)]
 41202 | Elf:2    | Succumbed to a deep elf annihilator's poison arrow

Illustrated notes

Levels and vault maps discovered:
D:1:      dpeg_arrival_radiant, layout_rooms, minmay_split_cup_large
D:2:      minmay_angry_zag, layout_loops_ring, hellmonk_ecumenical_altar_zigzags
D:3:      layout_rooms, okawaru_metal_pillars_1_2, serial_corexii_hall,
          chequers_hall_statues_corner_a, chequers_hall_statues_corner_a,
          due_unseen_surprise
D:4:      minmay_opposing_rooms, layout_rooms, led_sif_book, serial_shops, shop,
          st_stairs_5, uniq_robin
D:5:      layout_basic, minmay_liquid_box
D:6:      layout_cave_pools, nicolae_overflow_hidden_temple,
          minmay_temple_entry_gardened_gates, hangedman_decor_clover_reticule,
          grunt_decor_clamped, patterned_corridor
D:7:      layout_cave_pools, amcnicky_altar_gilded, enter_bailey_5,
          serial_shops, nicolae_shop_advertising_works
          [nicolae_subvault_shop_adworks]
D:8:      layout_rooms, grunt_temple_overflow_gold_and_silver,
          hellmonk_ghost_big_iron, serial_shops, nicolae_shop_stone, uniq_maggie
D:9:      layout_basic, mainiacjoe_overflow_alcove_1, cheibriados_altar_2,
          zombieorc2_lemuel, serial_shops, shop, shop, shop, shop
D:10:     layout_irregular_city, xom_shifter_show, fedhas_ov_isle_minmay,
          lair_entry_dummy, serial_shops, nicolae_lakefront_shop,
          nicolae_trove_entry_free_sample, minmay_fractal_squares_gapless_5
D:11:     layout_rooms, kennysheep_decorative_pillar, roderic_lattice_a
D:12:     layout_stronghold, serial_glass, glass_columns_a, glass_columns_a,
          maelrawn_ghost_gauntlet_escape, uniq_erolcha
D:13:     nicolae_whirlpool, layout_basic,
          hellmonk_guarded_unrand_vitality_bloodlust, uniq_urug, uniq_maurice,
          uniq_rupert
D:14:     layout_rooms, lightli_vaults_fourway_checkpoint,
          kennysheep_cross_bottleneck, uniq_agnes, uniq_louise, uniq_josephine
D:15:     gammafunk_enter_depths_forms, layout_basic,
          chequers_serial_rivers_large_a
Lair:1:   layout_regular_city, pdpol_lair_cabin_in_the_woods
Lair:2:   nzn_winding_woodlands_small
          [nzn_winding_woodlands_5x15_pathside_ponds,
          nzn_winding_woodlands_center_pierced_h,
          nzn_winding_woodlands_5x15_sawtooth], layout_regular_city,
          palyth_hydra_swamp_entry, guppyfry_snake_entry_garden
Lair:3:   layout_layer_cave
Lair:4:   cheibrodos_lair_river_kwai, layout_regular_city,
          chequers_serial_rivers_small_b, lemuel_centaur_altar
Lair:5:   hangedman_lair_tendril_chambers, layout_layer_cave, slime_entry_1
Orc:1:    layout_diamond_mine, uniq_sonja
Orc:2:    grunt_orc_cross, layout_caves, basic_altar, gammafunk_ghost_split,
          serial_shops, nicolae_book_shop_shelving, bh_open_orc_temple,
          uniq_donald
Elf:1:    minmay_elf_arrival_circle, layout_geoelf_octagon, basic_altar,
          minmay_elf_demonology, minivault_27
Elf:2:    elven_hall_of_blades_hangedman_alternative
          [nicolae_vaults_blade_armed_guards], layout_rooms,
          ebering_ghost_disaster_area, basic_altar
Elf:3:    minmay_elf_hall_x, layout_geoelf_grid, ebering_ghost_rock_garden

Skill      XL: |  1  2  3  4  5  6  7  8  9 10 11 12 13 14 15 16 17 18 |
---------------+-------------------------------------------------------+-----
Fighting       | 1 2 3 4 5 6 7 8 9 10 11 | 11.5
Armour         | 1 2 3 4 5 6 7 8 9 10 | 10.0
Dodging        | 2 3 4 5 6 7 8 9 10 | 10.0
Earth Magic    | 3 4 5 6 8 9 11 12 13 14 15 | 15.0
Spellcasting   | 3 4 5 6 7 8 9 10 | 10.8
Throwing       | 1 2 3 |  3.0
Invocations    | 1 2 3 5 6 7 8 9 10 | 10.0
Evocations     | 1 2 3 |  3.0
Conjurations   | 1 2 3 4 5 6 7 8 9 10 11 | 11.1
Polearms       | 1 2 |  2.0
Necromancy     | 1 3 4 5 |  5.0
Staves         | 1 3 4 |  4.7
Ranged Weapons | 2 3 5 6 8 9 10 | 10.9
Summonings     | 2 3 4 |  4.4
Translocations | 3 4 |  4.7
Stealth        | |  2.0
Hexes          | |  3.0

Action                     |  1- 3 |  4- 6 |  7- 9 | 10-12 | 13-15 | 16-18 || total
---------------------------+-------+-------+-------+-------+-------+-------++-------
  Melee: Club              |    22 |       |       |       |       |       ||    22
         Short sword       |       |       |    39 |       |       |       ||    39
         Spear             |       |       |   125 |       |       |       ||   125
         Staff             |       |       |       |     5 |    48 |       ||    53
         Punch             |       |       |       |       |     2 |       ||     2
   Fire: Shortbow          |       |       |       |       |    43 |       ||    43
         Longbow           |       |       |       |       |   415 |   875 ||  1290
  Throw: Dart              |       |     9 |    11 |    34 |    73 |     8 ||   135
         Boomerang         |       |       |    11 |    16 |       |       ||    27
   Cast: Sandblast         |    50 |    93 |   204 |    51 |   223 |       ||   621
         Stone Arrow       |       |       |    26 |   302 |   441 |    19 ||   788
         Passwall          |       |       |       |     1 |       |       ||     1
         Borgnjor's Vile C |       |       |       |       |     1 |   248 ||   249
  Evoke: Wand              |       |       |       |     3 |    14 |     2 ||    19
         Condenser vane    |       |       |       |       |     1 |     1 ||     2
         Lightning rod     |       |       |       |       |       |     4 ||     4
         Box of beasts     |       |       |       |       |       |     1 ||     1
    Use: Potion            |     1 |       |     1 |       |     1 |     1 ||     4
         Scroll            |       |     3 |    11 |     9 |    10 |     5 ||    38
 Armour: Robe              |    10 |       |       |       |       |       ||    10
         Leather armour    |     1 |    11 |   137 |     3 |     3 |    88 ||   243
         Steam dragon scal |       |       |       |    68 |   274 |       ||   342
  Dodge: Dodged            |    20 |    24 |   184 |   113 |   477 |   189 ||  1007
